 Dungeon Crawl Stone Soup version 0.30-a0-170-g85af917532 (webtiles) character file.

Game seed: 6317004730183190561

51 KennySheep the Digger (level 3, -2/26 HPs)
             Began as a Barachi Earth Elementalist on Oct 1, 2022.
             Was a Believer of Uskayaw.
             Slain by a black bear (3 damage)
             ... on level 3 of the Dungeon.
             The game lasted 00:06:49 (1828 turns).

KennySheep the Digger (Barachi Earth Elementalist)  Turns: 1828, Time: 00:06:49

Health: -2/26      AC:  2    Str:  9    XL:     3   Next: 81%
Magic:  1/6        EV: 12    Int: 17    God:    Uskayaw [**....]
Gold:   90         SH:  0    Dex: 12    Spells: 1/7 levels left

rFire   . . .      SeeInvis .    (no weapon)
rCold   . . .      Faith    .    (no shield)
rNeg    . . .      Spirit   .    a - +0 robe
rPois   .          Reflect  .    (no helmet)
rElec   .          Harm     .    (no cloak)
rCorr   .          Rampage  .    (no gloves)
Will    .....                    (no boots)
Stlth   ++........               (no amulet)
HPRegen 0.08/turn                (no ring)
MPRegen 0.10/turn                (no ring)

@: slow
A: amphibious, slowness 1, strong legs 1, +LOS
a: Hop, Renounce Religion, Stomp, Line Pass


You were on level 3 of the Dungeon.
You worshipped Uskayaw.
Uskayaw was noncommittal.
You visited 1 branch of the dungeon, and saw 3 of its levels.

You collected 90 gold pieces.

Inventory:

Armour
 a - a +0 robe (worn)
Wands
 i - a wand of iceblast (11)
Scrolls
 c - a scroll of immolation
 f - a scroll of torment {unknown}
 h - a scroll of identify {unknown}
 j - a scroll of enchant armour {unknown}
Potions
 b - a potion of might {unknown}
 d - 2 potions of degeneration {unknown}
 e - a potion of mutation {unknown}
 g - a potion of curing {unknown}


   Skills:
 + Level 1.1 Fighting
 + Level 2.3 Dodging
 - Level 1.7 Stealth
 + Level 2.5 Spellcasting
 - Level 1.1 Conjurations
 - Level 1.9 Transmutations
 * Level 3.4 Earth Magic
 - Level 0.5 Invocations


You had one spell level left.
You knew the following spells:

 Your Spells              Type           Power      Damage    Failure   Level
a - Sandblast             Erth           26%        2d8       4%          1
b - Passwall              Tmut/Erth      9%         N/A       10%         2
c - Stone Arrow           Conj/Erth      18%        3d8       22%         3

Your spell library contained the following spells:

 Spells                   Type           Power      Damage    Failure   Level
 Ignite Poison            Fire/Tmut/Pois 4%         N/A       38%         3
 Petrify                  Tmut/Erth      11%        N/A       52%         4
 Sticky Flame             Conj/Fire      4%         2d3       82%         4
 Ignition                 Fire           1%         3d3       100%        8


Dungeon Overview and Level Annotations

Branches:
Dungeon (3/15)

Altars:
Uskayaw


Innate Abilities, Weirdness & Mutations

You are amphibious.
You cover ground slowly.
You can hop short distances.
You have an extended range of vision and can be seen from far away.


Message History

The blast of sand hits the black bear.
The black bear is lightly wounded.
The black bear growls angrily.
Aiming: Sandblast (safe; 4% risk of failure)
Press: ? - help, Q - select action, (/) - cycle Shift-Dir - straight line, f/p - black bear
Aim: a black bear (lightly wounded, 87% to hit)
The blast of sand hits the black bear.
The black bear is moderately wounded.
The rat closely misses you.
A giant cockroach comes into view.
Aiming: Sandblast (safe; 4% risk of failure)
Press: ? - help, Q - select action, (/) - cycle Shift-Dir - straight line, f/p - black bear
Aim: a black bear (moderately wounded, 87% to hit)
The blast of sand hits the rat!
You kill the rat!
You can now pass through a line of other dancers.
Aiming: Sandblast (safe; 4% risk of failure)
Press: ? - help, Q - select action, (/) - cycle Shift-Dir - straight line, f/p - black bear
Aim: a black bear (moderately wounded, 87% to hit)
The blast of sand hits the black bear!
The black bear is severely wounded.
The black bear closely misses you. The black bear claws you. x2
The black bear bites you.
The black bear claws you but does no damage.
The black bear closely misses you.
Aiming: Sandblast (safe; 4% risk of failure)
Press: ? - help, Q - select action, (/) - cycle Shift-Dir - straight line, f/p - black bear
Aim: a black bear (heavily wounded, 87% to hit)
The blast of sand misses the black bear.
The black bear bites you. The black bear claws you. x2
* * * LOW HITPOINT WARNING * * *
Aiming: Sandblast (safe; 4% risk of failure)
Press: ? - help, Q - select action, (/) - cycle Shift-Dir - straight line, f/p - black bear
Aim: a black bear (heavily wounded, 87% to hit)
The blast of sand hits the black bear but does no damage.
The black bear is heavily wounded.
The black bear misses you. The black bear claws you.
* * * LOW HITPOINT WARNING * * *
The black bear completely misses you. The black bear bites you.
You die...

########### ####+###
#.........+
........###.#########.
.......Bh@............
........##..#####.....
........+>............
........#..#####....
........#..# .
........#..###.#
........#......#
........#.######
#########.##..<#


You could see a black bear and a giant cockroach.

Vanquished Creatures
  An adder (D:2)
  3 dart slugs (D:2)
  5 ball pythons
  2 endoplasms
  A giant cockroach (D:1)
  A goblin (D:2)
  2 hobgoblins (D:2)
  7 jackals
  2 quokkas
  2 bats
  A frilled lizard (D:1)
  3 kobolds
  3 rats
33 creatures vanquished.

Notes
Turn   | Place    | Note
-------+----------+-------------------------------------------
     0 | D:1      | KennySheep the Barachi Earth Elementalist began the quest
                  | for the Orb.
     0 | D:1      | Reached XP level 1. HP: 13/13 MP: 3/3
   248 | D:1      | Found a faded altar of an unknown god.
   255 | D:1      | Prayed at the altar of an unknown god.
   255 | D:1      | Became a worshipper of Uskayaw the Reveller
   255 | D:1      | Reached * piety under Uskayaw
   267 | D:1      | Reached XP level 2. HP: 19/19 MP: 3/5
   270 | D:1      | Learned a level 2 spell: Passwall
   318 | D:1      | You fall into a shaft and drop 1 floor!
   428 | D:2      | Reached ** piety under Uskayaw
   447 | D:2      | Reached skill level 1 in Conjurations
   574 | D:2      | Reached XP level 3. HP: 25/25 MP: 3/6
   581 | D:2      | Learned a level 3 spell: Stone Arrow
   604 | D:2      | Reached skill level 1 in Fighting
  1820 | D:3      | Noticed a black bear
  1828 | D:3      | HP: 1/26 [black bear (4)]
  1828 | D:3      | Slain by a black bear

Illustrated notes

Levels and vault maps discovered:
D:1:      tarquinn_simple_flora_water_f, layout_basic,
          dilly_ecumenical_altar_fadedgnrine
D:2:      layout_basic
D:3:      layout_basic, lightli_temple_of_fire, lemuel_crystal_altar,
          mainiacjoe_overflow_large_starburst, kennysheep_donut

Skill      XL: |  1  2  3 |
---------------+----------+-----
Conjurations   | 1 |  1.1
Fighting       | 1 |  1.1
Dodging        | |  2.3
Stealth        | |  1.7
Spellcasting   | |  2.5
Transmutations | |  1.9
Earth Magic    | |  3.4
Invocations    | |  0.5

Action                   || total
-------------------------++-------
Melee: Unarmed           ||    20
 Cast: Sandblast         ||    53
 Abil: Hop               ||     1
  Use: Scroll            ||     1
       Potion            ||     1
Armor: Robe              ||    11
Dodge: Dodged            ||    55

Table legend: (Time is in decaauts)
 A = Elapsed time spent in this place.
 B = Non-inter-level travel time spent in this place.
 C = Inter-level travel time spent in this place.
 D = Time resting spent in this place.
 E = Time spent auto-exploring this place.
 F = Levels seen in this place.
 G = Mean time per level.
                   A        B        C        D        E       F      G
               +--------+--------+--------+--------+--------+-----+--------+
         Total |   2058 |   1940 |    118 |    443 |   1201 |   3 |  686.0 |
       Dungeon |   2058 |   1940 |    118 |    443 |   1201 |   3 |  686.0 |
               +--------+--------+--------+--------+--------+-----+--------+

Top non-repeatable levels by time:
     D:2: 1594 daAuts
     D:1: 361 daAuts
     D:3: 102 daAuts
